 Dungeon Crawl Stone Soup version 0.21.1-1-g345015fe64 (webtiles) character file.

4083 elQueFaltaba the Cleaver (level 10, -3/88 HPs)
             Began as a Deep Dwarf Fighter on Apr 16, 2018.
             Was an Elder of Okawaru.
             Killed by the air
             ... invoked by Gastronok
              (14 damage)
             ... on level 8 of the Dungeon.
             The game lasted 00:54:47 (5694 turns).

elQueFaltaba the Cleaver (Deep Dwarf Fighter)       Turns: 5694, Time: 00:54:47

Health: -3/88      AC: 14    Str: 24    XL:     10   Next: 5%
Magic:  3/3        EV:  9    Int:  9    God:    Okawaru [****..]
Gold:   332        SH: 11    Dex: 13    Spells: 0/9 levels left

rFire    . . .     SeeInvis .   a - +0 war axe
rCold    . . .     Gourm    .   c - +0 shield
rNeg     . . .     Faith    .   y - +0 plate armour
rPois    .         Spirit   .   (no helmet)
rElec    .         Reflect  .   G - +0 cloak
rCorr    .         Harm     .   (no gloves)
MR       +....                  (no boots)
Stlth    ..........             (no amulet)
HPRegen  0.00/turn              p - +2 ring of strength
MPRegen  0.08/turn              I - +3 ring of evasion

@: non-regenerating
A: damage resistance, heal wounds, sense surroundings 2, no regeneration
a: Heal Wounds, Heroism, Renounce Religion


You were on level 8 of the Dungeon.
You worshipped Okawaru.
Okawaru was greatly pleased with you.
You were not hungry.

You visited 2 branches of the dungeon, and saw 9 of its levels.
You also visited: Sewer.

You collected 332 gold pieces.

Inventory:

Hand Weapons
 a - a +0 war axe (weapon)
 b - a +4 battleaxe of chopping
 u - a +2 mace of holy wrath
Armour
 c - a +0 shield (worn)
 y - a +0 plate armour (worn)
 G - a +0 cloak (worn)
Magical Staves
 B - a cursed staff of energy
Jewellery
 p - a +2 ring of strength (left hand)
 I - a +3 ring of evasion (right hand)
 L - an uncursed ring of wizardry {unknown}
Wands
 A - a wand of flame (9)
 F - a wand of iceblast (10)
 J - a wand of acid (6)
Scrolls
 e - a scroll of remove curse
 i - 5 scrolls of amnesia {unknown}
 m - a scroll of fog {unknown}
 o - 2 scrolls of magic mapping
 q - 2 scrolls of teleportation {unknown}
 t - 2 scrolls of enchant armour {unknown}
 v - 5 scrolls of identify
 w - a scroll of immolation {unknown}
 C - 2 scrolls of enchant weapon {unknown}
Potions
 d - 2 potions of might
 g - 6 potions of curing
 h - a potion of haste {unknown}
 j - 2 potions of heal wounds {unknown}
 k - 5 potions of invisibility
 l - 4 potions of mutation {unknown}
 n - a potion of degeneration {unknown}
 s - 2 potions of brilliance {unknown}
 x - 2 potions of lignification {unknown}
 z - 3 potions of agility {unknown}
 D - a potion of berserk rage {unknown}
Books
 E - a book of Callings

   Spells                             Type                      Level
   a - Summon Small Mammal            Summoning                    1
   b - Call Imp                       Summoning                    2
   c - Call Canine Familiar           Summoning                    3
   d - Summon Guardian Golem          Hexes/Summoning              3
   e - Summon Lightning Spire         Summoning/Air                4
   f - Summon Ice Beast               Ice/Summoning                4
 H - a book of Necromancy

   Spells                             Type                      Level
   a - Pain                           Necromancy                   1
   b - Animate Skeleton               Necromancy                   1
   c - Vampiric Draining              Necromancy                   3
   d - Regeneration                   Charms/Necromancy            3
   e - Animate Dead                   Necromancy                   4
   f - Borgnjor's Vile Clutch         Necromancy/Earth             5
 K - a book of Battle

   Spells                             Type                      Level
   a - Infusion                       Charms                       1
   b - Shroud of Golubria             Charms/Translocation         2
   c - Song of Slaying                Charms                       2
   d - Spectral Weapon                Hexes/Charms                 3
   e - Regeneration                   Charms/Necromancy            3
Comestibles
 f - 10 rations


   Skills:
 + Level 5.1 Fighting
 * Level 11.8 Axes
 + Level 0.6 Throwing
 + Level 6.6 Armour
 + Level 1.9 Dodging
 + Level 7.5 Shields
 + Level 0.2 Spellcasting


You couldn't memorise any spells.
You knew the following spells:

 Your Spells              Type           Power        Failure   Level  Hunger
a - Call Canine Familiar  Summ           #.......     100%        3    ####...
b - Summon Ice Beast      Ice/Summ       #.......     100%        4    #####..
c - Song of Slaying       Chrm           #.......     100%        2    ###....


Dungeon Overview and Level Annotations

Branches:
Dungeon (8/15)             Temple (1/1) D:7
   Lair: D:8-11

Altars:
Cheibriados
Dithmenos
Elyvilon
Fedhas
Gozag
Hepliaklqana
Kikubaaqudgha
Makhleb
Nemelex Xobeh
Okawaru
Ru
Sif Muna
Trog
Uskayaw
Vehumet
Wu Jian
Xom
Yredelemnul
Zin
The Shining One

Annotations:
D:8 Gastronok


Innate Abilities, Weirdness & Mutations

You are resistant to damage.
You can heal yourself by infusing magical energy.
You passively map the area around you.
You do not regenerate.


Message History

Found a morningstar.
Firing (i - inventory): No suitable missiles.
Press: ? - help, Shift-Dir - straight line, f/p - Gastronok
Aim: Gastronok, wearing a hat (lightly wounded)
Okay, then.
Gastronok mumbles some strange words.
Gastronok puts on a burst of speed!
Found a runed onyx ring.
Found a white marble altar of Elyvilon.
Firing (i - inventory): No suitable missiles.
Press: ? - help, Shift-Dir - straight line, f/p - Gastronok
Aim: Gastronok, wearing a hat (lightly wounded, covering ground quickly)
Okay, then.
Firing (i - inventory): No suitable missiles.
Press: ? - help, Shift-Dir - straight line, f/p - Gastronok
Aim: Gastronok, wearing a hat (lightly wounded, covering ground quickly)
Okay, then.
Gastronok waves his eye-stalks in wide circles.
The air twists around and strikes you!
You die...

*, ≈ #.#≈.r♣.. ##
#..........##
...♣._.♣...#
#.........=. #.
≈.)♣..≈#,* #. ≈≈...≈≈#,
#.###...###.# *
##########
#....@......# * ,
.........#
#..........##
.........# #..........#
* .........#
#............,* ***
.........#
#............ *
.........#
###.###.###..,* ,
.........# ##w###.###
., *
.........####.(.......
.........#..)..(.(#...,
, *


You could see Gastronok and a neutral quokka (wandering).

Vanquished Creatures
  A two-headed ogre (D:8)
  Joseph (D:7)
  A hornet (D:7)
  A hippogriff (D:7)
  Menkaure (D:5)
  Purgy (Sewer)
  4 orc warriors
  4 ogres
  4 bullfrogs
  A wyvern zombie (D:6)
  4 scorpions
  3 howler monkeys
  4 crimson imps
  2 hounds
  3 jellies
  6 orc priests
  9 orc wizards
  3 centaur skeletons
  2 iguanas
  Terence (D:2)
  6 worker ants
  A worker ant zombie (D:6)
  5 adders
  2 shadow imps
  2 oozes
  An adder skeleton (D:4)
  2 worms
  5 leopard geckos
  35 orcs
  7 giant cockroaches
  7 goblins
  9 hobgoblins
  7 jackals
  12 kobolds
  2 quokkas
  14 bats
  5 frilled lizards
  A quokka zombie (D:5)
  7 rats
186 creatures vanquished.

Vanquished Creatures (others)
  An orc wizard (D:4)
1 creature vanquished.

Grand Total: 187 creatures vanquished

Notes
Turn   | Place    | Note
-------+----------+-------------------------------------------
     0 | D:1      | elQueFaltaba the Deep Dwarf Fighter began the quest for the Orb.
     0 | D:1      | Reached XP level 1. HP: 20/20 MP: 1/1
   103 | D:1      | Reached XP level 2. HP: 27/27 MP: 2/2
   436 | D:1      | Reached XP level 3. HP: 32/34 MP: 3/3
   796 | D:2      | Noticed Terence
   808 | D:2      | Killed Terence
   808 | D:2      | Reached skill level 3 in Axes
   808 | D:2      | Reached XP level 4. HP: 30/42 MP: 4/4
   979 | D:2      | Found a shadowy altar of Dithmenos.
  1368 | D:3      | Noticed an ogre
  1377 | D:3      | Killed an ogre
  1377 | D:3      | Reached skill level 4 in Axes
  1377 | D:3      | Reached XP level 5. HP: 34/49 MP: 5/5
  1463 | D:3      | Reached skill level 5 in Axes
  1499 | D:3      | Reached XP level 6. HP: 38/56 MP: 5/5
  1895 | D:4      | Found an iron altar of Okawaru.
  1909 | D:4      | Became a worshipper of Warmaster Okawaru
  2054 | D:4      | Reached skill level 6 in Axes
  2069 | D:4      | Reached XP level 7. HP: 33/62 MP: 5/5
  2256 | D:4      | Reached * piety under Okawaru
  2293 | D:4      | Reached skill level 7 in Axes
  2293 | D:4      | Reached skill level 5 in Shields
  2791 | D:5      | Entered Level 5 of the Dungeon
  2976 | D:5      | Found a hazy altar of Hepliaklqana.
  2997 | D:5      | Reached skill level 8 in Axes
  2997 | D:5      | Reached skill level 5 in Armour
  3014 | D:5      | Got a brightly glowing leather armour
  3042 | D:5      | Reached XP level 8. HP: 55/72 MP: 5/5
  3184 | D:5      | Noticed Menkaure
  3197 | D:5      | Killed Menkaure
  3257 | D:5      | Identified the cursed +1 leather armour "Leociron" {*Contam rElec MP+9 SInv} (You found it on level 5 of the Dungeon)
  3330 | D:5      | Learned a level 3 spell: Call Canine Familiar
  3335 | D:5      | Learned a level 4 spell: Summon Ice Beast
  3546 | D:6      | Reached ** piety under Okawaru
  3546 | D:6      | Reached skill level 9 in Axes
  3546 | D:6      | Reached skill level 1 in Dodging
  3970 | D:6      | Found a glowing drain.
  3989 | Sewer    | Entered a sewer
  4037 | Sewer    | Noticed Purgy
  4064 | Sewer    | Killed Purgy
  4438 | D:7      | Noticed a hornet
  4444 | D:7      | Paralysed by a hornet for 1 turns
  4449 | D:7      | Killed a hornet
  4449 | D:7      | Gained mutation: You passively map the area around you. [Deep Dwarf growth]
  4449 | D:7      | Reached XP level 9. HP: 65/79 MP: 4/4
  4458 | D:7      | Noticed Joseph
  4463 | D:7      | Found a hide-covered altar of Uskayaw.
  4472 | D:7      | Reached skill level 10 in Axes
  4475 | D:7      | Killed Joseph
  4475 | D:7      | Reached *** piety under Okawaru
  4616 | D:7      | Found a blossoming altar of Fedhas.
  4831 | D:7      | Found a staircase to the Ecumenical Temple.
  4839 | Temple   | Entered the Ecumenical Temple
  4898 | D:7      | Reached skill level 11 in Axes
  5254 | D:7      | Found a burning altar of Makhleb.
  5442 | D:8      | Noticed a two-headed ogre
  5462 | D:8      | Killed a two-headed ogre
  5462 | D:8      | Reached **** piety under Okawaru
  5462 | D:8      | Reached skill level 5 in Fighting
  5497 | D:8      | Reached XP level 10. HP: 64/88 MP: 3/3
  5552 | D:8      | Learned a level 2 spell: Song of Slaying
  5633 | D:8      | Noticed Gastronok
  5692 | D:8      | Found a white marble altar of Elyvilon.
  5694 | D:8      | Killed from afar by Gastronok

Skill      XL: |  1  2  3  4  5  6  7  8  9 |
---------------+----------------------------+-----
Fighting       | 3 4 5 |  5.1
Shields        | 4 5 6 7 |  7.5
Axes           | 3 4 5 6 8 9 11 | 11.8
Armour         | 4 5 6 |  6.6
Dodging        | 1 |  1.9
Throwing       | |  0.6
Spellcasting   | |  0.2

Action                   |  1- 3 |  4- 6 |  7- 9 | 10-12 || total
-------------------------+-------+-------+-------+-------++-------
Melee: War axe           |   118 |   251 |   424 |    42 ||   835
Throw: Tomahawk          |       |       |     6 |     7 ||    13
Invok: Heroism           |       |       |       |     1 ||     1
 Abil: Heal Wounds       |       |    10 |    16 |     3 ||    29
  Use: Scroll            |       |     3 |    11 |       ||    14
       Potion            |       |     1 |     1 |       ||     2
  Eat: Ration            |       |     1 |     4 |       ||     5
       Chunk             |       |     1 |     1 |       ||     2
Armor: Scale mail        |    52 |    63 |       |       ||   115
       Chain mail        |       |    43 |   137 |       ||   180
       Plate armour      |       |       |    21 |    19 ||    40
Dodge: Dodged            |    44 |    73 |    95 |     9 ||   221
Block: Shield            |    71 |   106 |   251 |    18 ||   446
